 Dungeon Crawl Stone Soup version 0.32-a0-900-g30fb1b0edc (webtiles) character file.

Game seed: 989295793548554988

1359 RayTrace the Covert (level 8, -3/49 HPs)
             Began as a Kobold Enchanter on Apr 6, 2024.
             Was an Initiate of Wu Jian.
             Splashed by a jelly's acid (4 damage)
             ... on level 5 of the Dungeon.
             The game lasted 00:10:25 (5668 turns).

RayTrace the Covert (Kobold Enchanter)              Turns: 5668, Time: 00:10:26

Health: -3/49      AC: -1    Str:  6    XL:     8   Next: 96%
Magic:  11/11      EV: 17    Int: 16    God:    Wu Jian [......]
Gold:   264        SH:  0    Dex: 17    Spells: 11/11 levels left

rFire   . . .        k - +0 short sword (elec)
rCold   . . .        (no shield)
rNeg    . . .        b - +0 robe
rPois   .            (no helmet)
rElec   .            (no cloak)
rCorr   .            q - +0 pair of gloves
SInv    +            (no boots)
Will    .....        (no amulet)
Stlth   +++++        n - ring of see invisible
HPRegen 0.28/turn    (no ring)
MPRegen 0.12/turn

%: no passive effects
@: corroded
A: small, no large weapons, nightstalker 3
a: Renounce Religion


You were on level 5 of the Dungeon.
You worshipped Wu Jian.
Wu Jian was noncommittal.
You visited 2 branches of the dungeon, and saw 6 of its levels.
You also visited: Sewer.

You collected 264 gold pieces.

Inventory:

Hand Weapons
 k - a +0 short sword of electrocution (weapon)
 s - a +2 short sword of venom
Armour
 b - a +0 robe (worn)
 q - a +0 pair of gloves (worn)
Jewellery
 n - a ring of see invisible (left hand)
 o - a ring of poison resistance
Talismans
 a - a serpent talisman
Wands
 r - a wand of polymorph (13)
Scrolls
 d - a scroll of fog
 e - a scroll of identify
 h - a scroll of teleportation {unknown}
 i - a scroll of vulnerability {unknown}
 l - a scroll of enchant armour {unknown}
 p - 2 scrolls of enchant weapon {unknown}
 u - a scroll of brand weapon {unknown}
 v - a scroll of fear {unknown}
Potions
 c - 3 potions of invisibility
 f - 2 potions of brilliance
 g - a potion of haste {unknown}
 j - 4 potions of curing
 t - a potion of might {unknown}
Miscellaneous
 m - a condenser vane


   Skills:
 + Level 5.3 Fighting
 + Level 6.7 Short Blades
 + Level 6.6 Dodging
 + Level 8.3 Stealth
 - Level 2.1 Spellcasting
 - Level 3.0 Hexes


You had 11 spell levels left.
You didn't know any spells.
Your spell library contained the following spells:

 Spells                   Type           Power      Damage    Failure   Level
 Ensorcelled Hibernation  Hex/Ice        12%        N/A       17%         2
 Confusing Touch          Hex            11%        N/A       19%         3
 Tukima's Dance           Hex            11%        N/A       19%         3
 Dazzling Flash           Conj/Hex       12%        N/A       32%         3
 Conjure Ball Lightning   Conj/Air       0%         3x3d6     100%        6
 Discord                  Hex            5%         N/A       100%        8
 Disjunction              Tloc           0%         N/A       100%        8


Dungeon Overview and Level Annotations

Branches:
Dungeon (5/15)             Temple (1/1) D:4           Sewer (visited)

Altars:
Cheibriados
Elyvilon
Fedhas
Gozag
Hepliaklqana
Kikubaaqudgha
Makhleb
Okawaru
Qazlal
Ru
Sif Muna
Trog
Uskayaw
Vehumet
Wu Jian
Xom
Yredelemnul
Zin
The Shining One

Shops:
D:4 =


Innate Abilities, Weirdness & Mutations

You are small and have problems with some larger weapons.
You are completely attuned to the shadows.


Message History

You hear the crackle of electricity.
k - a +0 short sword of electrocution (weapon)
The killer bee buzzes angrily.
The jelly quivers.
The jelly quivers.
You hit the jelly.
Your hands burn!
The jelly is lightly wounded.
You hit the jelly. The acid corrodes you!
Your hands burn!
The jelly is moderately wounded.
The jelly closely misses you.
You hit the jelly.
Your hands burn!
The jelly is moderately wounded.
The jelly closely misses you.
You barely miss the jelly.
The jelly is moderately wounded.
You hit the jelly.
Your hands burn!
The jelly is severely wounded.
The jelly hits you.
You are splashed with acid.
You hit the jelly but do no damage.
Your hands burn!
The jelly is severely wounded.
The jelly hits you.
You are splashed with acid!
You hit the jelly but do no damage.
Your hands burn!
The jelly is severely wounded.
You hit the jelly.
Your hands burn!
The jelly is almost dead.
The jelly hits you.
You are splashed with acid!
* * * LOW HITPOINT WARNING * * *
You hit the jelly but do no damage.
Your hands burn!
* * * LOW HITPOINT WARNING * * *
The jelly is almost dead.
The jelly barely misses you.
You hit the jelly but do no damage.
Your hands burn!
* * * LOW HITPOINT WARNING * * *
The jelly is almost dead.
You hit the jelly.
Your hands burn!
* * * LOW HITPOINT WARNING * * *
The jelly is almost dead.
The jelly closely misses you.
You hit the jelly but do no damage.
Your hands burn!
You die...

#.####.....####.# #.# #. #.#
##...## #.#####.### #.##.#
##.## #.......[.. #.##.## #.#
##..##..)### #.##..## +#.#+
##...##.###
#......###...###....##.#
####.#........ß........##.# #
#....##...###..J###....##.#####
#.#####..## +#@#'.##...##....##
#.# #.## #.#y.J##..#####.## #.#
#.# ##.##...#..# ##.##
#.#####.# ##...##.?#..####...#
#.##....####.....####.....).#..
#.##.##...............#####...#
. #.................##### ##.##
.#####.############.# #.## ...#
#.# #.# ####>##


You could see a jelly.

Vanquished Creatures
  Sigmund (D:2)
  2 phantoms
  2 bullfrogs (Sewer)
  2 scorpions (D:4)
  A water moccasin skeleton (D:4)
  A bombardier beetle (D:5)
  2 centaur zombies (D:4)
  A human zombie (D:4)
  2 hounds
  2 iguanas
  Terence (D:2)
  3 orc wizards
  Natasha (thrice) (D:2)
  A hound zombie (D:4)
  A hound skeleton (D:4)
  Robin (D:4)
  3 gnolls (D:2)
  7 adders
  2 river rats (D:3)
  A shadow imp (D:4)
  An adder skeleton (D:4)
  2 adder zombies (D:4)
  13 dart slugs
  4 ribbon worms
  7 orcs
  5 endoplasms
  9 giant cockroaches
  16 goblins
  8 hobgoblins
  3 jackals (D:1)
  7 kobolds
  9 quokkas
  13 ball pythons
  4 bats
  8 frilled lizards (Sewer)
  A quokka skeleton (D:4)
  10 rats
159 creatures vanquished.

Notes
Turn   | Place    | Note
-------+----------+-------------------------------------------
     0 | D:1      | RayTrace the Kobold Enchanter began the quest for the Orb.
     0 | D:1      | Reached XP level 1. HP: 10/10 MP: 3/3
   160 | D:1      | Reached XP level 2. HP: 10/16 MP: 5/5
   403 | D:1      | Reached skill level 1 in Fighting
   458 | D:1      | Reached XP level 3. HP: 20/20 MP: 6/6
   987 | D:2      | Noticed Sigmund
   995 | D:2      | Killed Sigmund
   996 | D:2      | Reached skill level 5 in Stealth
   996 | D:2      | Reached XP level 4. HP: 14/27 MP: 7/7
   996 | D:2      | Reached XP level 5. HP: 16/31 MP: 8/8
  1097 | D:2      | Reached XP level 6. HP: 35/36 MP: 9/9
  1100 | D:2      | Noticed Terence
  1104 | D:2      | Killed Terence
  1239 | D:2      | Found a faded altar of an unknown god.
  1283 | D:2      | Noticed Natasha
  1289 | D:2      | Killed Natasha
  1442 | D:2      | Noticed Natasha
  1470 | D:2      | Killed Natasha
  1780 | D:3      | Reached skill level 6 in Stealth
  1875 | D:3      | Found a glowing drain.
  1885 | Sewer    | Entered a sewer
  2214 | Sewer    | Reached XP level 7. HP: 19/41 MP: 10/10
  2437 | Sewer    | Reached skill level 5 in Dodging
  2636 | D:3      | Found a snail-covered altar of Cheibriados.
  2718 | D:3      | Found a faded altar of an unknown god.
  2723 | D:3      | Found a hide-covered altar of Uskayaw.
  2725 | D:3      | Found a glowing silver altar of Zin.
  2726 | D:3      | Found a faded altar of an unknown god.
  2731 | D:3      | Found an opulent altar of Gozag.
  3026 | D:4      | Reached skill level 5 in Short Blades
  3041 | D:4      | Found a radiant altar of Vehumet.
  3115 | D:4      | Reached skill level 7 in Stealth
  3222 | D:4      | Found Uvirch's Jewellery Shoppe.
  3279 | D:4      | Noticed Robin
  3320 | D:4      | Reached XP level 8. HP: 37/48 MP: 11/11
  3334 | D:4      | Killed Robin
  3863 | D:4      | Found an ancient bone altar of Kikubaaqudgha.
  4321 | D:4      | Found a staircase to the Ecumenical Temple.
  4396 | D:4      | Found an iron altar of Okawaru.
  4467 | Temple   | Entered the Ecumenical Temple
  4476 | Temple   | Became a worshipper of the Wu Jian Council
  4804 | D:2      | Noticed Natasha
  4819 | D:2      | Killed Natasha
  4917 | D:5      | Entered Level 5 of the Dungeon
  5092 | D:5      | Reached skill level 5 in Fighting
  5092 | D:5      | Reached skill level 8 in Stealth
  5667 | D:5      | HP: 1/49 [acid (4)]
  5668 | D:5      | Splashed by a jelly's acid

Illustrated notes

Levels and vault maps discovered:
D:1:      dpeg_arrival_round_b, layout_loops_ring, hangedman_decor_growths
D:2:      layout_rooms, ebering_ecumenical_altar_sacrificial, kennysheep_boxes,
          uniq_sigmund, uniq_terence, uniq_natasha
D:3:      layout_basic, lemuel_doored_altar,
          chequers_temple_overflow_minitemple, portal_sewer_entry_e
D:4:      layout_loops_ring, mainiacjoe_overflow_divided_tiny,
          lemuel_mausoleum_altar_kikubaaqudgha, minmay_temple_entry_poolview,
          serial_shops, shop, uniq_robin
D:5:      cheibrodos_barr_body, layout_loops_ring, uniq_ijyb
Temple:   hellmonk_temple_flake

Skill      XL: |  1  2  3  4  5  6  7  8 |
---------------+-------------------------+-----
Short Blades   | 2 3 4 5 6 |  6.7
Fighting       | 1 2 3 4 5 |  5.3
Dodging        | 4 5 6 |  6.6
Stealth        | 5 6 7 8 |  8.3
Spellcasting   | |  2.1
Hexes          | |  3.0

Action                     |  1- 3 |  4- 6 |  7- 9 || total
---------------------------+-------+-------+-------++-------
  Melee: Dagger            |    69 |     9 |       ||    78
         Short sword       |       |   167 |   311 ||   478
Ability: Lunge             |       |       |     4 ||     4
    Use: Scroll            |       |     2 |     4 ||     6
   Stab: Sleeping          |    15 |    17 |    35 ||    67
         Distracted        |       |     2 |     1 ||     3
 Armour: Robe              |    25 |    44 |    95 ||   164
         Skin              |       |    22 |     5 ||    27
  Dodge: Dodged            |    34 |    95 |   143 ||   272

Table legend: (Time is in decaauts)
 A = Elapsed time spent in this place.
 B = Non-inter-level travel time spent in this place.
 C = Inter-level travel time spent in this place.
 D = Time resting spent in this place.
 E = Time spent auto-exploring this place.
 F = Levels seen in this place.
 G = Mean time per level.
                   A        B        C        D        E       F      G
               +--------+--------+--------+--------+--------+-----+--------+
         Total |   5659 |   5307 |    352 |    558 |   2976 |   7 |  808.4 |
       Dungeon |   4945 |   4603 |    342 |    402 |   2926 |   5 |  989.0 |
        Temple |     18 |      9 |      9 |      0 |      0 |   1 |   18.0 |
         Sewer |    695 |    695 |      0 |    156 |     49 |   1 |  695.0 |
               +--------+--------+--------+--------+--------+-----+--------+

Top non-repeatable levels by time:
     D:4: 1515 daAuts
     D:1: 981 daAuts
     D:3: 886 daAuts
     D:2: 833 daAuts
     D:5: 728 daAuts
   Sewer: 695 daAuts
  Temple: 18 daAuts
